 Dungeon Crawl Stone Soup version 0.27-a0-686-gaed091b46b (webtiles) character file.

Game seed: 10795374435876804200

639 DarkShadow the Shield-Bearer (level 7, 0/61 HPs)
             Began as a Minotaur Fighter on Mar 21, 2021.
             Was an Initiate of Gozag.
             Slain by a gnoll
             ... wielding a +0 spear
              (8 damage)
             ... on level 4 of the Dungeon.
             The game lasted 00:11:48 (3887 turns).

DarkShadow the Shield-Bearer (Minotaur Fighter)     Turns: 3887, Time: 00:11:48

Health: 0/61       AC:  9    Str: 22    XL:     7   Next: 26%
Magic:  6/6        EV:  8    Int:  3    God:    Gozag
Gold:   396        SH: 10    Dex: 10    Spells: 6/6 levels left

rFire    . . .     SeeInvis .   a - +0 long sword (freeze)
rCold    . . .     Faith    .   c - +0 kite shield
rNeg     . . .     Spirit   .   b - +1 scale mail
rPois    .         Reflect  .   l - +0 hat
rElec    .         Harm     .   (no cloak)
rCorr    .         Rampage  .   k - +0 pair of gloves
Will     +....     Clarity  +   (no boots)
Stlth    ..........             (no amulet)
HPRegen  0.20/turn              m - ring of willpower
MPRegen  0.10/turn              (no ring)

@: gold aura
A: horns 2, retaliatory headbutt, clarity, dopey 1, MP-powered wands
a: Renounce Religion, Potion Petition, Call Merchant, Bribe Branch


You were on level 4 of the Dungeon.
You worshipped Gozag.
Gozag was aware of your devotion.
You visited 1 branch of the dungeon, and saw 4 of its levels.

You collected 413 gold pieces.
You paid 17 gold pieces to Gozag.

Inventory:

Hand Weapons
 a - a +0 long sword of freezing (weapon)
 i - the +10 hunting sling "Leonuem" {vorpal, rPois Will+ MP+9}
   (You took it off an orc on level 3 of the Dungeon)

   Any stone fired from it inflicts extra damage.
   It protects you from poison.
   It affects your willpower, your defense against some magical effects.
   It affects your magic capacity (+9).
Armour
 b - a +1 scale mail (worn)
 c - a +0 kite shield (worn)
 j - a +3 leather armour
 k - a +0 pair of gloves (worn)
 l - a +0 hat (worn)
Jewellery
 m - a ring of willpower (right hand)
Scrolls
 e - 2 scrolls of identify
 g - 4 scrolls of teleportation
 n - a scroll of enchant weapon {unknown}
Potions
 d - a potion of might
 f - a potion of curing


   Skills:
 + Level 5.0 Fighting
 + Level 5.4 Long Blades
 + Level 5.7 Armour
 + Level 1.8 Dodging
 + Level 1.1 Stealth
 + Level 5.9 Shields


You had 6 spell levels left.
You didn't know any spells.
Your spell library contained the following spells:

 Spells                   Type           Power      Damage    Failure   Level
 Magic Dart               Conj           0%         1d3       99%         1
 Blink                    Tloc           N/A        N/A       100%        2
 Call Imp                 Summ           0%         N/A       100%        2
 Slow                     Hex            0%         N/A       100%        2
 Conjure Flame            Conj/Fire      0%         6-21      100%        3
 Mephitic Cloud           Conj/Pois/Air  0%         N/A       100%        3


Dungeon Overview and Level Annotations

Branches:
Dungeon (4/15)
 Temple: D:4-7

Altars:
Gozag
Beogh


Innate Abilities, Weirdness & Mutations

You have a pair of horns on your head.
You reflexively headbutt those who attack you in melee.
You possess an exceptional clarity of mind.
You are dopey. (Int -2)
You expend magic power (3 MP) to strengthen your wands.


Message History

Unknown command.
You feel much better.
The gnoll hits you from afar with a +0 spear.
You block the gnoll's attack. The gnoll barely misses you.
You riposte.
You barely miss the gnoll. You headbutt the gnoll.
The gnoll is lightly wounded.
You hit the gnoll but do no damage.
The gnoll is lightly wounded.
You block the gnoll's attack. x2; The gnoll hits you with a +0 club.
The gnoll closely misses you.
You slash the gnoll! You freeze the gnoll.
The gnoll is severely wounded.
You block the gnoll's attack. The gnoll hits you with a +0 club.
The gnoll hits you from afar with a +0 spear.
You hit the gnoll. You freeze the gnoll.
You kill the gnoll!
The gnoll hits you with a +0 club.
The gnoll hits you from afar with a +0 spear.
* * * LOW HITPOINT WARNING * * *
Your Stealth skill increases to level 1!
You slash the gnoll! You freeze the gnoll.
The gnoll is severely wounded.
You hear the brisk rusting of a distant drain.
The gnoll hits you with a +0 club.
* * * LOW HITPOINT WARNING * * *
You block the gnoll's attack. x2
The gnoll hits you from afar with a +0 spear.
* * * LOW HITPOINT WARNING * * *
You closely miss the gnoll.
The gnoll is severely wounded.
The gnoll closely misses you.
The gnoll hits you from afar with a +0 spear.
* * * LOW HITPOINT WARNING * * *
You hit the gnoll but do no damage. You headbutt the gnoll.
You kill the gnoll!
You block the gnoll's attack.
A gnoll is nearby!
The gnoll hits you from afar with a +0 spear!
You die...
Your body crumbles into a pile of gold.

#.........##.####.
#.###...#.# # #.
#.#######.##.####.
#####.................
#......#########.####
#......# # #......#
#......# # #....@.#
.###
#.|.$$$#########....
#####$#g............
##..............
#...........#
#.......$...#
#...........#
#...........#
#.............#


You could see a gnoll.

Vanquished Creatures
  Grinder (D:3)
  The ghost of alpinistek the Ruffian, an amateur DrTm (D:3)
  An ogre (D:4)
  An orc priest (D:3)
  7 adders
  3 gnolls (D:4)
  A worm (D:3)
  A dart slug (D:1)
  17 orcs (D:3)
  4 giant cockroaches
  7 goblins
  6 hobgoblins
  4 jackals (D:1)
  4 kobolds (D:2)
  2 quokkas
  9 bats
  8 frilled lizards
  4 rats
81 creatures vanquished.

Notes
Turn   | Place    | Note
-------+----------+-------------------------------------------
     0 | D:1      | DarkShadow the Minotaur Fighter began the quest for the
                  | Orb.
     0 | D:1      | Reached XP level 1. HP: 19/19 MP: 0/0
   287 | D:1      | Reached XP level 2. HP: 23/27 MP: 1/1
  1009 | D:2      | Reached XP level 3. HP: 33/33 MP: 2/2
  1257 | D:2      | Found an opulent altar of Gozag.
  1474 | D:2      | Became a worshipper of Gozag Ym Sagoz the Greedy
  1794 | D:2      | Reached XP level 4. HP: 39/40 MP: 3/3
  2115 | D:2      | Gained mutation: You are dopey. (Int -2) [potion of
                  | mutation]
  2115 | D:2      | Gained mutation: You possess an exceptional clarity of
                  | mind. [potion of mutation]
  2115 | D:2      | Gained mutation: You expend magic power (3 MP) to
                  | strengthen your wands. [potion of mutation]
  2284 | D:3      | Reached skill level 5 in Shields
  2539 | D:3      | Identified the +10 hunting sling "Leonuem" {vorpal, rPois
                  | Will+ MP+9}
  2539 | D:3      | Noticed alpinistek's ghost (amateur DrTm)
  2541 | D:3      | Reached XP level 5. HP: 46/46 MP: 4/4
  2541 | D:3      | Found a runed translucent gate.
  2729 | D:3      | Noticed Grinder
  2749 | D:3      | Killed Grinder
  2750 | D:3      | Reached skill level 5 in Armour
  2750 | D:3      | Reached skill level 1 in Dodging
  2750 | D:3      | Reached XP level 6. HP: 17/53 MP: 5/5
  3105 | D:3      | Found a runed translucent gate.
  3106 | D:3      | Found a runed translucent gate.
  3178 | D:3      | Killed alpinistek's ghost
  3179 | D:3      | Reached skill level 5 in Long Blades
  3565 | D:4      | Reached XP level 7. HP: 15/60 MP: 6/6
  3875 | D:4      | Reached skill level 5 in Fighting
  3884 | D:4      | Reached skill level 1 in Stealth
  3887 | D:4      | Slain by a gnoll

Illustrated notes

Levels and vault maps discovered:
D:1:      lightli_molten_gateway, layout_loops_corners, hangedman_decor_growths,
          minmay_lizard_pond
D:2:      layout_basic, chequers_serial_rivers_room_b, grunt_gozag_statues
D:3:      layout_rooms, biasface_ghost_orc_armoury, hangedman_decor_lopped,
          uniq_grinder
D:4:      layout_basic, minmay_temple_entry_gardened_gates,
          cheibrodos_sewer_entry_drain, minmay_cut_off

Skill      XL: |  1  2  3  4  5  6  7 |
---------------+----------------------+-----
Armour         | 4 5 |  5.7
Fighting       | 4 5 |  5.0
Shields        | 4 5 |  5.9
Long Blades    | 3 4 5 |  5.4
Dodging        | 1 |  1.8
Stealth        | 1 |  1.1

Action                   |  1- 3 |  4- 6 |  7- 9 || total
-------------------------+-------+-------+-------++-------
Melee: Long sword        |    83 |    77 |    18 ||   178
       Headbutt          |    10 |    16 |     2 ||    28
  Use: Scroll            |       |     5 |       ||     5
       Potion            |       |     5 |     1 ||     6
Armor: Scale mail        |    48 |    15 |     5 ||    68
Dodge: Dodged            |    31 |    30 |    12 ||    73
Block: Kite shield       |    67 |    45 |    23 ||   135
       Rpst.: Long sword |     5 |    11 |     2 ||    18

Table legend: (Time is in decaauts)
 A = Elapsed time spent in this place.
 B = Non-inter-level travel time spent in this place.
 C = Inter-level travel time spent in this place.
 D = Time resting spent in this place.
 E = Time spent auto-exploring this place.
 F = Levels seen in this place.
 G = Mean time per level.
                   A        B        C        D        E       F      G
               +--------+--------+--------+--------+--------+-----+--------+
         Total |   3973 |   3973 |      0 |   1355 |   1429 |   4 |  993.2 |
       Dungeon |   3973 |   3973 |      0 |   1355 |   1429 |   4 |  993.2 |
               +--------+--------+--------+--------+--------+-----+--------+

Top non-repeatable levels by time:
     D:3: 1607 daAuts
     D:2: 1192 daAuts
     D:1: 1000 daAuts
     D:4: 173 daAuts
